 Dungeon Sprint DCSS version 0.23.1-37-gaa34b87 (webtiles) character file.

Game seed: 3382667533541121097

0 nuthulu the Skirmisher (level 1, -1/19 HPs)
             Began as a Formicid Fighter on Mar 20, 2019.
             Was an Initiate of Qazlal.
             Slain by a hell rat (8 damage)
             ... in the Dungeon (Sprint VI: "Thunderdome").
             The game lasted 00:00:41 (70 turns).

nuthulu the Skirmisher (Formicid Fighter)             Turns: 70, Time: 00:00:41

Health: -1/19      AC:  6    Str: 27    XL:     1   Next: 22%
Magic:  1/1        EV:  8    Int:  7    God:    Qazlal [......]
Gold:   20         SH: 10    Dex: 10    Spells: 0/0 levels left

rFire    . . .     SeeInvis +   a - +0 war axe
rCold    . . .     Gourm    .   c - +0 shield
rNeg     + + .     Faith    .   b - +0 scale mail
rPois    .         Spirit   .   (helmet unavailable)
rElec    .         Reflect  .   (no cloak)
rCorr    .         Harm     .   (no gloves)
MR       .....                  (no boots)
Stlth    ..........             p - amulet of Xehoeq {+Rage +Inv rN++}
HPRegen  0.06/turn              q - ring "Etraabb" {+Fly Str+7 Stlth-}
MPRegen  0.07/turn              r - ring of Unydoyta {+Blink SInv}

@: lightly drained
A: permanent stasis, dig shafts and tunnels, four strong arms, antennae 3
a: Dig, Renounce Religion, Evoke Invisibility, Evoke Flight


You were in the Dungeon.
You worshipped Qazlal.
Qazlal was noncommittal.
You were not hungry.

You visited 1 branch You collected 200 gold pieces.
You spent 180 gold pieces at shops.

Inventory:

Hand Weapons
 a - a +0 war axe (weapon)
Armour
 b - a +0 scale mail (worn)
 c - a +0 shield (worn)
Jewellery
 p - the amulet of Xehoeq (around neck) {+Rage +Inv rN++}
   (You bought it in a shop in the Dungeon)

   [amulet of rage]

   It greatly protects you from negative energy.
   It lets you turn invisible.
   It lets you go berserk.
 q - the ring "Etraabb" (left hand) {+Fly Str+7 Stlth-}
   (You bought it in a shop in the Dungeon)

   [ring of attention]

   It affects your strength (+7).
   It lets you fly.
   It makes you less stealthy.
 r - the ring of Unydoyta (right hand) {+Blink SInv}
   (You bought it in a shop in the Dungeon)

   [ring of see invisible]

   It lets you see invisible.
   It lets you blink.
Wands
 l - a wand of acid (5)
 m - a wand of iceblast (5)
Scrolls
 k - 4 scrolls of blinking
 n - 3 scrolls of fog
Potions
 d - a potion of might
 e - a potion of curing
 g - 4 potions of heal wounds
 h - 4 potions of haste
 i - 2 potions of magic
 j - a potion of berserk rage
 o - a potion of resistance
Comestibles
 f - a ration


   Skills:
 + Level 3.7(3.6) Fighting
 + Level 2.4 Axes
 - Level 3.2 Armour
 - Level 3.6(3.5) Shields


You couldn't memorise any spells.
You didn't know any spells.
Your spell library was empty.

Dungeon Overview and Level Annotations

Branches:
Dungeon (1/1)

Altars:
Cheibriados
Dithmenos
Fedhas
Gozag
Kikubaaqudgha
Makhleb
Okawaru
Qazlal
Ru
Sif Muna
Trog
Uskayaw
Vehumet
Wu Jian
Xom
Yredelemnul
Zin
The Shining One
Beogh
Jiyva
Lugonu

Shops:
D *[%??*?*:[((!!!!


Innate Abilities, Weirdness & Mutations

You cannot be hasted, slowed, berserked, paralysed or teleported.
You can dig through walls and to a lower floor.
Your four strong arms can wield two-handed weapons with a shield.
You have a pair of large antennae on your head. (SInv)


Message History

Qazlal grants you and your divine allies immunity to clouds.
There is a hide-covered altar of Uskayaw here.
Found Geimeyn's Weapon Rack and Sodalo's Basic Armour.
Found a burning altar of Makhleb and a corrupted altar of Lugonu.
Found Apuc's Miscellaneous Merchandise.
Found Qoux's Premium Goods.
Found a deep blue altar of Sif Muna.
A hell rat comes into view.
The hell rat roars deafeningly!
You hit the hell rat but do no damage.
The hell rat bites you but does no damage.
You closely miss the hell rat. The hell rat bites you!
Ouch! That really hurt!
You partially resist.
You feel drained. You block the hell rat's attack.
You hit the hell rat but do no damage. You block the hell rat's attack. x2
You closely miss the hell rat. You block the hell rat's attack. x2
Unknown command.
Your shield and scale mail prevent you from hitting the hell rat.
The hell rat twitches its whiskers.
The hell rat bites you!
You die...

##∩___......###......___∩
###∩........8.# #.8........
##.............###..........
#⌠..........###...###.......
#⌠..........# #.<.# #.......
#⌠..........###...###.......
##.............###..........
###∩......r.8.# #.8........
##∩.__..@...###......_._∩
######.8.........8.#####
#⌠...........⌠#
###.........### #_......._#
#_......._# #_......._#
#∩.......∩# ##∩.....∩##


You could see a hell rat.

Vanquished Creatures
  A quokka (D)
1 creature vanquished.

Notes
Turn   | Place    | Note
-------+----------+-------------------------------------------
     0 | D        | nuthulu the Formicid Fighter began the quest for the Orb.
     0 | D        | Reached XP level 1. HP: 18/18 MP: 1/1
     1 | D        | Found a roughly hewn altar of Beogh.
     1 | D        | Found a shimmering altar of Xom.
     2 | D        | Found an iron altar of Okawaru.
     2 | D        | Found a snail-covered altar of Cheibriados.
     3 | D        | Found a glowing silver altar of Zin.
     4 | D        | Found Syipeci's Identification Station.
     4 | D        | Found an opulent altar of Gozag.
     4 | D        | Found a glowing golden altar of the Shining One.
     4 | D        | Found Kapecy's Delicious Food.
     5 | D        | Found Atylaf's Advanced Armour.
     5 | D        | Found Ogryaqia's Jewellery.
     5 | D        | Round 1.
     9 | D        | Found a radiant altar of Vehumet.
    14 | D        | Bought a heavily runed bone amulet for 45 gold pieces
    14 | D        | Bought a shimmering jade ring for 45 gold pieces
    14 | D        | Bought a steaming silver ring for 45 gold pieces
    14 | D        | Identified the amulet "Vixtos" {RegenMP rPois Slay-3 SInv}
                  | (You bought it in a shop in the Dungeon)
    15 | D        | Identified the ring "Etraabb" {+Fly Str+7 Stlth-} (You
                  | bought it in a shop in the Dungeon)
    16 | D        | Identified the ring of Unydoyta {+Blink SInv} (You bought
                  | it in a shop in the Dungeon)
    19 | D        | Bought a transparent copper amulet for 45 gold pieces
    19 | D        | Identified the amulet of Xehoeq {+Rage +Inv rN++} (You
                  | bought it in a shop in the Dungeon)
    26 | D        | Found an ancient bone altar of Kikubaaqudgha.
    27 | D        | Found Yckaseg's Magic Scroll Shop.
    28 | D        | Found a blossoming altar of Fedhas.
    28 | D        | Found a viscous altar of Jiyva.
    28 | D        | Found an ornate altar of the Wu Jian Council.
    28 | D        | Found Siac's Staff Store.
    28 | D        | Found Exadeub's Magic Scroll Shop.
    28 | D        | Found Gusukh's Must-Have Magic.
    37 | D        | Found a sacrificial altar of Ru.
    38 | D        | Found a shadowy altar of Dithmenos.
    39 | D        | Found a bloodstained altar of Trog.
    40 | D        | Found Raunorofaa's Distillery.
    41 | D        | Found Coruqefa's Distillery.
    41 | D        | Found Lemuiceg's Bottled Wisdom.
    42 | D        | Found a hide-covered altar of Uskayaw.
    42 | D        | Found a stormy altar of Qazlal.
    42 | D        | Found Caqoes Igo's Do-It-Yourself Clinic.
    46 | D        | Found a basalt altar of Yredelemnul.
    50 | D        | Became a worshipper of Qazlal Stormbringer
    55 | D        | Found a burning altar of Makhleb.
    55 | D        | Found a corrupted altar of Lugonu.
    55 | D        | Found Geimeyn's Weapon Rack.
    55 | D        | Found Sodalo's Basic Armour.
    56 | D        | Found Apuc's Miscellaneous Merchandise.
    57 | D        | Found a deep blue altar of Sif Muna.
    57 | D        | Found Qoux's Premium Goods.
    63 | D        | Noticed a hell rat
    70 | D        | Slain by a hell rat

Action                   || total
-------------------------++-------
Melee: War axe           ||     9
Armor: Scale mail        ||     3
Dodge: Dodged            ||     1
Block: Shield            ||     6
